 Dungeon Crawl Stone Soup version 0.28-a0-429-g1448048969 (webtiles) character file.

Game seed: 6906486762878188814

53 avis the Ruffian (level 3, -1/31 HPs)
             Began as a Naga Transmuter on Sept 12, 2021.
             Succumbed to an adder's poison
             ... on level 2 of the Dungeon.
             The game lasted 00:07:46 (1093 turns).

avis the Ruffian (Naga Transmuter)                  Turns: 1093, Time: 00:07:47

Health: -1/31      AC:  2    Str: 12    XL:     3   Next: 87%
Magic:  4/6        EV:  9    Int: 14    God:
Gold:   56         SH:  0    Dex: 11    Spells: 2/6 levels left

rFire   . . .      SeeInvis +   a - +1 short sword (venom)
rCold   . . .      Faith    .   (no shield)
rNeg    . . .      Spirit   .   l - +0 robe
rPois   +          Reflect  .   (no helmet)
rElec   .          Harm     .   (no cloak)
rCorr   .          Rampage  .   (no gloves)
Will    .....                   (no barding)
Stlth   +.........              (no amulet)
HPRegen 0.10/turn               (no ring)
MPRegen 0.10/turn               (no ring)

@: lethally poisoned (-1 -> -8), very slow
A: AC +1, large, see invisible, deformed body, poison resistance, slowness 2,
spit poison 1, naga tail 1
a: Spit Poison


You were on level 2 of the Dungeon.
You visited 1 branch of the dungeon, and saw 2 of its levels.

You collected 56 gold pieces.

Inventory:

Hand Weapons
 a - a +1 short sword of venom (weapon)
 g - a +0 spear
Missiles
 c - 39 stones
 h - 15 arrows
 n - 10 bolts
Armour
 d - a +0 kite shield
 l - a +0 robe (worn)
Scrolls
 b - 2 scrolls of identify {unknown}
 f - a scroll of fear {unknown}
 i - 2 scrolls of teleportation {unknown}
 j - a scroll of amnesia {unknown}
 k - a scroll of blinking {unknown}
Potions
 e - a potion of heal wounds {unknown}
 m - a potion of flight {unknown}


   Skills:
 + Level 1.4 Fighting
 - Level 1.5 Dodging
 - Level 3.0 Unarmed Combat
 - Level 2.0 Spellcasting
 - Level 3.0 Transmutations
 - Level 3.0 Poison Magic


You had 2 spell levels left.
You knew the following spells:

 Your Spells              Type           Power      Damage    Failure   Level
a - Beastly Appendage     Tmut           18%        N/A       7%          1
p - Spider Form           Tmut/Pois      4%         N/A       21%         3

Your spell library contained the following spells:

 Spells                   Type           Power      Damage    Failure   Level
 Wereblood                Tmut           9%         N/A       11%         2
 Ice Form                 Ice/Tmut       5%         N/A       77%         4


Dungeon Overview and Level Annotations

Branches:
Dungeon (2/15)

Altars:

Annotations:
D:1 Scroll available behind lava.


Innate Abilities, Weirdness & Mutations

Your serpentine skin is tough. (AC +1)
You have supernaturally acute eyesight. (SInv)
Armour fits poorly on your strangely shaped body.
Your system is resistant to poisons. (rPois)
You cover ground very slowly.
You can spit poison.
You have a snake-like lower body.


Message History

You hit the hobgoblin.
The hobgoblin is poisoned.
The hobgoblin is lightly wounded.
You feel very sick. The bat hits you but does no damage.
The hobgoblin hits you with a +0 short sword.
The adder closely misses you.
You hit the adder.
The adder is severely wounded.
You feel sick. The bat hits you. The adder bites you.
You are lethally poisoned!
The adder poisons you! The hobgoblin misses you.
You barely miss the hobgoblin.
The hobgoblin is moderately wounded.
* * * LOW HITPOINT WARNING * * *
You feel very sick. The bat completely misses you. The adder barely misses you.
The hobgoblin hits you with a +0 short sword.
* * * LOW HITPOINT WARNING * * *
* * * LOW HITPOINT WARNING * * *
You feel very sick.
You kill the hobgoblin!
The bat misses you. The adder barely misses you.
Training target 3.0 for Poison Magic reached!
Your Poison Magic skill increases to level 3!
You see here a hobgoblin corpse.
You hit the adder.
The adder looks as sick as possible!
The adder is almost dead.
* * * LOW HITPOINT WARNING * * *
You feel sick.
You kill the adder!
The bat hits you but does no damage.
Your transformation has ended.
Your +1 short sword of venom unmelds from your body.
Your +0 robe unmelds from your body.
Your +1 short sword of venom begins to drip with poison!
* * * LOW HITPOINT WARNING * * *
You feel sick. The bat closely misses you.
You hit the bat.
You kill the bat!
You die...

###########
#..........
#.......(..
#.)........
#.<........
#..@.......
#...†......
#..........
#..........
...........
............
###.##.######
.. ..


There were no monsters in sight!

Vanquished Creatures
  A gnoll (D:1)
  An adder (D:2)
  A dart slug (D:1)
  A ball python (D:2)
  An endoplasm (D:1)
  5 giant cockroaches (D:1)
  2 goblins
  7 hobgoblins
  A quokka (D:2)
  4 bats
  2 frilled lizards (D:1)
  3 kobolds (D:1)
  A rat (D:2)
30 creatures vanquished.

Notes
Turn   | Place    | Note
-------+----------+-------------------------------------------
     0 | D:1      | avis the Naga Transmuter began the quest for the Orb.
     0 | D:1      | Reached XP level 1. HP: 18/18 MP: 3/3
   189 | D:1      | Reached XP level 2. HP: 23/25 MP: 3/5
   195 | D:1      | Reached skill level 1 in Poison Magic
   403 | D:1      | Reached XP level 3. HP: 31/31 MP: 4/6
   407 | D:1      | Learned a level 3 spell: Spider Form
  1092 | D:2      | HP: 1/31 [poisoned by an adder]
  1093 | D:2      | Succumbed to an adder's poison

Illustrated notes

Levels and vault maps discovered:
D:1:      grunt_arrival_lava_bath, layout_loops_ring
D:2:      layout_rooms, dreamdust_ecumenical_altar_grove, minmay_tetromino_t4

Skill      XL: |  1  2  3 |
---------------+----------+-----
Transmutations | 3 |  3.0
Poison Magic   | 1 3 |  3.0
Fighting       | |  1.4
Dodging        | |  1.5
Unarmed Combat | |  3.0
Spellcasting   | |  2.0

Action                   || total
-------------------------++-------
Melee: Unarmed           ||    34
       Headbutt          ||     5
       Short sword       ||     7
       Punch             ||     1
 Cast: Beastly Appendage ||     6
       Spider Form       ||     5
 Abil: Spit Poison       ||    18
       End Transformatio ||     1
 Stab: Sleeping          ||     1
Armor: Robe              ||     5
       Skin              ||     4
Dodge: Dodged            ||    31

Table legend: (Time is in decaauts)
 A = Elapsed time spent in this place.
 B = Non-inter-level travel time spent in this place.
 C = Inter-level travel time spent in this place.
 D = Time resting spent in this place.
 E = Time spent auto-exploring this place.
 F = Levels seen in this place.
 G = Mean time per level.
                   A        B        C        D        E       F      G
               +--------+--------+--------+--------+--------+-----+--------+
         Total |   1390 |   1281 |    109 |    195 |    803 |   2 |  695.0 |
       Dungeon |   1390 |   1281 |    109 |    195 |    803 |   2 |  695.0 |
               +--------+--------+--------+--------+--------+-----+--------+

Top non-repeatable levels by time:
     D:1: 1339 daAuts
     D:2: 51 daAuts
